 Dungeon Crawl Stone Soup version 0.24-a0-446-g87df7205b4 (webtiles) character file.

Game seed: 11332510172473164775

65 Gynju the Skirmisher (level 3, 0/29 HPs)
             Began as a Demonspawn Fighter on June 24, 2019.
             Was an Initiate of Okawaru.
             Slain by Terence
             ... wielding a +0 flail
              (4 damage)
             ... on level 3 of the Dungeon.
             The game lasted 00:05:04 (1248 turns).

Gynju the Skirmisher (Demonspawn Fighter)           Turns: 1248, Time: 00:05:05

Health: 0/29       AC:  6    Str: 17    XL:     3   Next: 94%
Magic:  3/3        EV:  7    Int:  9    God:    Okawaru [......]
Gold:   68         SH:  9    Dex: 12    Spells: 2/2 levels left

rFire    + . .     SeeInvis .   a - +0 rapier
rCold    . . .     Gourm    .   c - +0 shield
rNeg     . . .     Faith    .   b - +0 scale mail
rPois    .         Spirit   .   (no helmet)
rElec    .         Reflect  .   (no cloak)
rCorr    .         Harm     .   (no gloves)
MR       .....                  (no boots)
Stlth    ..........             (no amulet)
HPRegen  0.09/turn              (no ring)
MPRegen  0.08/turn              (no ring)

@: no status effects
A: fire resistance 1
a: Renounce Religion


You were on level 3 of the Dungeon.
You worshipped Okawaru.
Okawaru was noncommittal.
You were not hungry.

You visited 1 branch of the dungeon, and saw 3 of its levels.

You collected 68 gold pieces.

Inventory:

Hand Weapons
 a - a +0 rapier (weapon)
Missiles
 g - 28 stones
 j - 19 poisoned darts (quivered)
Armour
 b - a +0 scale mail (worn)
 c - a +0 shield (worn)
Scrolls
 e - a scroll of fear {unknown}
 h - a scroll of amnesia {unknown}
Potions
 d - a potion of might
 i - a potion of mutation {unknown}
 k - a potion of curing {unknown}
Comestibles
 f - a ration


   Skills:
 + Level 3.5 Fighting
 - Level 1.7 Short Blades
 + Level 3.2 Armour
 + Level 1.3 Dodging
 + Level 3.2 Shields


You had 2 spell levels left.
You didn't know any spells.
Your spell library was empty.

Dungeon Overview and Level Annotations

Branches:
Dungeon (2/15)

Altars:
Okawaru

Annotations:
D:3 Grinder, Terence


Innate Abilities, Weirdness & Mutations

Your flesh is heat resistant. (rF+)


Message History

You kill Jessica!
Okawaru accepts your kill.
You feel sick.
You are no longer poisoned.
You block Terence's attack. You block Terence's attack.
Things that are here:
a +0 club; a cursed +0 robe; the human corpse of Jessica An adder comes into view.
Grinder comes into view.
Grinder shouts!
You open the door. Terence hits you but does no damage.
There is an open door here.
You barely miss Terence. Terence hits you with a +0 flail.
* * * LOW HITPOINT WARNING * * *
You block Terence's attack.
You closely miss Terence. You barely miss Terence.
Terence hits you with a +0 flail.
You die...

#.....# #.....#
########.....# ###+#
#............#########
....
+............)....>...
#S.
#............#########
#.# #...#........#
#..######...####.....#
####.S).......g@@##.....#
'......#...#..5#.##.....#
###..#.#...#...#+########
#..#.#...#.........# #.
#.....#.........# ..
##....#.........# ##
#....#.......).#
#..###.........# ##.#
#.........#


You could see Grinder, Terence and a hobgoblin.

Vanquished Creatures
  Jessica (D:3)
  An adder (D:3)
  An ooze (D:1)
  4 orcs (D:3)
  4 bats (D:1)
  2 goblins
  2 jackals (D:1)
  A ball python (D:1)
  3 frilled lizards
  5 kobolds
24 creatures vanquished.

Notes
Turn   | Place    | Note
-------+----------+-------------------------------------------
     0 | D:1      | Gynju the Demonspawn Fighter began the quest for the Orb.
     0 | D:1      | Reached XP level 1. HP: 18/18 MP: 1/1
   331 | D:1      | Gained mutation: Your flesh is heat resistant. (rF+)
                  | [demonic ancestry]
   331 | D:1      | Reached XP level 2. HP: 24/24 MP: 2/2
   844 | D:2      | Found an iron altar of Okawaru.
   866 | D:2      | Became a worshipper of Warmaster Okawaru
   915 | D:2      | You fall into a shaft and drop 1 floor!
   939 | D:3      | Reached skill level 1 in Dodging
   939 | D:3      | Reached XP level 3. HP: 8/29 MP: 3/3
  1227 | D:3      | Noticed Jessica
  1230 | D:3      | Noticed Terence
  1232 | D:3      | Killed Jessica
  1238 | D:3      | Noticed Grinder
  1248 | D:3      | Slain by Terence

Levels and vault maps discovered:
D:1:      psy_arrival_fountain, layout_loops_corners
D:2:      layout_basic, lightli_temple_of_fire, okawaru_ov_weapons_minmay
D:3:      layout_basic, grunt_temple_overflow_order_and_chaos_2,
          lightli_sewer_entry_pipes, uniq_jessica, uniq_terence, uniq_grinder

Skill      XL: |  1  2 |
---------------+-------+-----
Armour         | 3 |  3.2
Dodging        | 1 |  1.3
Shields        | 3 |  3.2
Fighting       | |  3.5
Short Blades   | |  1.7

Action                   || total
-------------------------++-------
Melee: Rapier            ||    92
  Use: Potion            ||     1
  Eat: Chunk             ||     1
Armor: Scale mail        ||    28
       Skin              ||    13
Dodge: Dodged            ||    21
Block: Shield            ||    45

Table legend:
 A = Non-vault XP
 B = Vault XP
 C = Vault XP percentage of total XP
 D = Non-vault monster count
 E = Vault monster count
 F = Vault count percentage of total count
                 A         B        C        D         E       F
            +---------+---------+-------+---------+---------+-------
      Total |      57 |      37 |  39.4 |      23 |       1 |   4.2
            +---------+---------+-------+---------+---------+-------
        D:1 |      25 |       0 |   0.0 |      13 |       0 |   0.0
        D:2 |       3 |       0 |   0.0 |       2 |       0 |   0.0
        D:3 |      29 |      37 |  56.1 |       8 |       1 |  11.1
            +---------+---------+-------+---------+---------+-------
